[Event "ICC tourney 3049 (40 10)"]
[Site "Internet Chess Club"]
[Date "2022.11.05"]
[Round "1"]
[White "Doan Giang, Nguyen Doan:Doctorstrange04"]
[Black "HERREROS, STEPHEN:alekhine1031"]
[Result "1-0"]
[ICCResult "Black resigns"]
[WhiteElo "1803"]
[BlackElo "1568"]
[Opening "Alekhine's defense: modern, fianchetto variation"]
[ECO "B04"]
[NIC "AL.04"]
[Time "11:00:53"]
[PlyCount "83"]
[TimeControl "2400+10"]

1. e4 Nf6 2. e5 Nd5 3. d4 d6 4. Nf3 g6 5. Be2 Bg7 6. O-O O-O 7. c4 Nb6 8.
Nc3 Bg4 9. exd6 exd6 10. Bg5 f6 11. Be3 Nc6 12. Qb3 Kh8 13. c5 dxc5 14. dxc5
Nd7 15. Qxb7 Na5 16. Qa6 c6 17. b4 Bxf3 18. Bxf3 f5 19. Rac1 Ne5 20. Qxa5
Nxf3+ 21. gxf3 Qh4 22. Ne2 f4 23. Bd4 Rf5 24. Bxg7+ Kxg7 25. Qc7+ Kh8 26.
Rcd1 Raf8 27. Nxf4 Rxf4 28. Qe5+ Qf6 29. Qxf6+ R8xf6 30. Rd8+ Kg7 31. Rd7+
Kh6 32. a3 Rxf3 33. Rxa7 g5 34. a4 R3f4 35. b5 cxb5 36. axb5 R4f5 37. Rc7
Rf4 38. b6 Rb4 39. b7 Kg6 40. c6 Rf7 41. Rxf7 Kxf7 42. c7 {Black resigns}
1-0

[Event "ICC tourney 3049 (40 10)"]
[Site "Internet Chess Club"]
[Date "2022.11.05"]
[Round "1"]
[White "BRUDNO, STEPHEN:StevChess01"]
[Black "GUTIERREZ, AUGUSTO E:elytito2017"]
[Result "0-1"]
[ICCResult "White resigns"]
[WhiteElo "1546"]
[BlackElo "1729"]
[Opening "Dutch"]
[ECO "A80"]
[NIC "HD.12"]
[Time "11:00:25"]
[PlyCount "70"]
[TimeControl "2400+10"]

1. d4 f5 2. Nf3 Nf6 3. c4 e6 4. Bf4 Bb4+ 5. Bd2 Be7 6. Nc3 b6 7. Bf4 Bb7 8.
e3 O-O 9. Be2 Bb4 10. O-O Bxc3 11. bxc3 d6 12. Rb1 Nbd7 13. a4 a5 14. Nd2 e5
15. Bg3 Qe7 16. Nb3 Rad8 17. f3 c5 18. d5 Ba6 19. Na1 Rde8 20. Nc2 f4 21.
Bh4 h6 22. Bxf6 Qxf6 23. e4 g5 24. Na3 Re7 25. Nb5 Bxb5 26. cxb5 h5 27. g3
Rg7 28. Kh1 Kf7 29. Rg1 Rfg8 30. Qd2 Qh6 31. h4 gxh4 32. gxh4 Qf6 33. Rxg7+
Rxg7 34. Qe1 Rg3 35. Qf2 Qxh4+ {White resigns} 0-1

[Event "ICC tourney 3049 (40 10)"]
[Site "Internet Chess Club"]
[Date "2022.11.05"]
[Round "1"]
[White "SEBBA, AMITAI:Amitai"]
[Black "DUBE, DANIEL:betterone76"]
[Result "0-1"]
[ICCResult "White resigns"]
[WhiteElo "1580"]
[BlackElo "1850"]
[Opening "Sicilian: Smith-Morra gambit"]
[ECO "B21"]
[NIC "SI.48"]
[Time "11:00:28"]
[PlyCount "90"]
[TimeControl "2400+10"]

1. e4 c5 2. d4 cxd4 3. c3 d3 4. Bxd3 Nc6 5. Nf3 d6 6. h3 Nf6 7. O-O g6 8.
Qe2 Nd7 9. Bf4 Bg7 10. Nbd2 Nde5 11. Nxe5 Nxe5 12. Bb5+ Bd7 13. Bxe5 Bxe5
14. Bxd7+ Qxd7 15. f4 Bg7 16. Nf3 O-O 17. Rad1 Qa4 18. Nd4 Bxd4+ 19. Rxd4
Qxa2 20. f5 a5 21. Qb5 a4 22. f6 exf6 23. Rxd6 Rad8 24. Rdxf6 Rd2 25. R6f2
Rxf2 26. Rxf2 Qb1+ 27. Kh2 Qxe4 28. Re2 Qc6 29. Qxc6 bxc6 30. Re4 Ra8 31.
Rc4 Ra6 32. Kg3 Kf8 33. Kf4 f6 34. g4 Ke7 35. Rb4 Ra7 36. h4 a3 37. bxa3
Rxa3 38. Rc4 Kd6 39. Ke4 Ra2 40. h5 gxh5 41. Kf5 Rf2+ 42. Ke4 hxg4 43. Ke3
g3 44. Rg4 Rg2 45. Kf3 Rc2 {White resigns} 0-1

[Event "ICC tourney 3049 (40 10)"]
[Site "Internet Chess Club"]
[Date "2022.11.05"]
[Round "1"]
[White "WHALEN, JAMES:baystatejim1776"]
[Black "ZHANG, ARI:brass60Six"]
[Result "0-1"]
[ICCResult "White resigns"]
[WhiteElo "1609"]
[BlackElo "1413"]
[Opening "Sicilian: Najdorf"]
[ECO "B90"]
[NIC "SI.14"]
[Time "11:00:41"]
[PlyCount "80"]
[TimeControl "2400+10"]

1. e4 c5 2. Nf3 d6 3. d4 cxd4 4. Nxd4 Nf6 5. Nc3 a6 6. a3 Nc6 7. Bc4 e5 8.
Nde2 Be7 9. f3 O-O 10. Be3 h6 11. Qd2 Be6 12. Nd5 Bxd5 13. exd5 Nb8 14. g4
Nbd7 15. h4 Nh7 16. Bf2 Nc5 17. O-O-O Qc7 18. Kb1 Ne4 19. fxe4 Qxc4 20. Ng3
Nf6 21. Nf5 Rfe8 22. Nxe7+ Rxe7 23. g5 Nxe4 24. Qe3 hxg5 25. hxg5 Nxf2 26.
Qxf2 Qg4 27. Rdg1 Qf4 28. Qg2 Ree8 29. Qh3 Kf8 30. Rf1 Qxg5 31. Rf5 Qg6 32.
Rhf1 f6 33. Qh4 Ke7 34. Rh5 Rg8 35. Qh2 Qf7 36. c4 Rac8 37. Qh4 Qg6+ 38. Kc1
Qd3 39. Rf4 exf4 40. Qe1+ Qe3+ {White resigns} 0-1

[Event "ICC tourney 3049 (40 10)"]
[Site "Internet Chess Club"]
[Date "2022.11.05"]
[Round "1"]
[White "HELMSEN, GAVIN:ghelmsen"]
[Black "LOPEZ, FRANCISCO JAVIER:steinutz"]
[Result "1-0"]
[ICCResult "Black resigns"]
[WhiteElo "1325"]
[BlackElo "1588"]
[Opening "Scandinavian: Pytel-Wade variation"]
[ECO "B01"]
[NIC "SD.02"]
[Time "11:00:25"]
[PlyCount "53"]
[TimeControl "2400+10"]

1. e4 d5 2. exd5 Qxd5 3. Nc3 Qd6 4. d4 c6 5. Bc4 Bf5 6. Nf3 Nf6 7. O-O e6 8.
Bg5 Nbd7 9. Re1 Be7 10. Ne5 O-O 11. a4 h6 12. Bf4 Qb4 13. Bb3 Nxe5 14. Bxe5
Nd5 15. Ne4 Rfd8 16. c3 Qa5 17. Qf3 Qb6 18. Bxd5 cxd5 19. Qg3 Bg6 20. Bc7
Qxb2 21. Bxd8 Bxd8 22. Nc5 Rc8 23. Nxe6 Ba5 24. Rab1 Qc2 25. Qe5 f6 26. Qxd5
Bxc3 27. Qxb7 {Black resigns} 1-0

[Event "ICC tourney 3049 (40 10)"]
[Site "Internet Chess Club"]
[Date "2022.11.05"]
[Round "1"]
[White "TANG, VINCENT:VincentT2008"]
[Black "INDUKURI, SUHAS VARMA:Suhas12"]
[Result "1/2-1/2"]
[ICCResult "Game drawn by mutual agreement"]
[WhiteElo "1694"]
[BlackElo "1525"]
[Opening "Nimzo-Indian: classical variation"]
[ECO "E32"]
[NIC "NI.20"]
[Time "11:00:23"]
[PlyCount "218"]
[TimeControl "2400+10"]

1. d4 Nf6 2. c4 e6 3. Nc3 Bb4 4. Qc2 O-O 5. a3 Bxc3+ 6. Qxc3 d5 7. Bg5 h6 8.
Bxf6 Qxf6 9. cxd5 exd5 10. e3 c6 11. Bd3 Bf5 12. Nf3 Re8 13. O-O Nd7 14. b4
Rac8 15. Qc2 Bxd3 16. Qxd3 Qe6 17. Rfc1 Nb6 18. Nd2 a6 19. a4 Nd7 20. Nb3
Qd6 21. Nc5 Nxc5 22. bxc5 Qd7 23. Rab1 Rb8 24. Rb6 a5 25. Rcb1 Re7 26. R1b3
g6 27. Qb1 Kg7 28. Ra6 Qc7 29. Ra7 Qd8 30. Rb6 h5 31. h3 Qc8 32. Rxa5 Ra8
33. Rxa8 Qxa8 34. Qb4 Rc7 35. a5 g5 36. Qa4 g4 37. hxg4 hxg4 38. a6 bxa6 39.
Rxa6 Qc8 40. Ra7 Rxa7 41. Qxa7 Qf5 42. Qb8 Kg6 43. Qd6+ Kg5 44. f4+ gxf3 45.
Qg3+ Qg4 46. Qxf3 Qh4 47. g3 Qh3 48. Qf4+ Kg6 49. g4 Qh4 50. Kg2 Qe1 51.
Qf5+ Kg7 52. Qf2 Qd1 53. Kg3 Qd3 54. g5 Qe4 55. Qf4 Qh1 56. Qe5+ Kg8 57. Kg4
Qg2+ 58. Qg3 Qe4+ 59. Qf4 Qg2+ 60. Kf5 Qh3+ 61. Qg4 Qxe3 62. Kf6 Qf2+ 63.
Ke7 Qe3+ 64. Kd6 Qe8 65. Qd7 Qb8+ 66. Kxc6 Qa8+ 67. Qb7 Qe8+ 68. Kb6 Qd8+
69. Qc7 Qxg5 70. c6 Qd2 71. Qd8+ Kg7 72. Qxd5 Qb4+ 73. Kc7 Qe7+ 74. Qd7 Qb4
75. Qg4+ Kf8 76. Qc8+ Kg7 77. d5 Qa5+ 78. Kb8 Qb6+ 79. Ka8 Qa5+ 80. Kb7 Qxd5
81. Qg4+ Kf8 82. Qb4+ Kg8 83. Qb6 f5 84. Kb8 Qd6+ 85. Ka7 Qa3+ 86. Kb8 Qd6+
87. Qc7 Qb4+ 88. Qb7 Qd6+ 89. c7 f4 90. Qb3+ Kg7 91. Kb7 Qd7 92. Kb8 Qd6 93.
Qc3+ Kg6 94. Kb7 Qe7 95. Qc6+ Kg5 96. Qg2+ Kf5 97. Qd5+ Kg4 98. Qd1+ f3 99.
Qd4+ Kg3 100. Kb8 Qxc7+ 101. Kxc7 f2 102. Qg7+ Kh2 103. Qh6+ Kg2 104. Qg5+
Kh2 105. Qh4+ Kg2 106. Qg4+ Kh1 107. Qf3+ Kg1 108. Qg3+ Kh1 109. Qh3+ Kg1
{Game drawn by mutual agreement}
1/2-1/2

[Event "ICC tourney 3049 (40 10)"]
[Site "Internet Chess Club"]
[Date "2022.11.05"]
[Round "1"]
[White "BORGE, RONALD:LOCHAR"]
[Black "Srinivasan, Sivavishnu:nov-s"]
[Result "1-0"]
[ICCResult "Black resigns"]
[WhiteElo "1587"]
[BlackElo "1276"]
[Opening "Nimzovich-Larsen attack: modern variation"]
[ECO "A01"]
[NIC "VO.08"]
[Time "11:15:40"]
[PlyCount "119"]
[TimeControl "2400+10"]

1. b3 e5 2. Bb2 Nc6 3. e3 d6 4. Bb5 Bd7 5. d4 exd4 6. exd4 d5 7. Nf3 Bd6 8.
O-O Nge7 9. c4 O-O 10. c5 Bf4 11. Nc3 a6 12. Bd3 Be6 13. Bc1 Bxc1 14. Rxc1
Ng6 15. Qd2 Qd7 16. Rfe1 h6 17. a3 Bf5 18. b4 Bxd3 19. Qxd3 Rfe8 20. h3 Re6
21. Rxe6 Qxe6 22. Re1 Qd7 23. Re3 Nf4 24. Qc2 Ne6 25. Ne2 Re8 26. Qf5 b6 27.
Qg4 bxc5 28. bxc5 Rb8 29. Nf4 Re8 30. Nh5 Kh8 31. Rb3 Na5 32. Ne5 Qe7 33.
Rg3 Rg8 34. Qf3 Nxd4 35. Nxf7+ Kh7 36. Qd3+ g6 37. Qxd4 Qxf7 38. Nf6+ Kg7
39. Nxg8+ Kxg8 40. Qd2 Nc4 41. Qxh6 Ne5 42. h4 Qg7 43. Qg5 c6 44. Qd8+ Qf8
45. Qxf8+ Kxf8 46. Rb3 Nd7 47. Rb7 Nxc5 48. Rc7 Ne4 49. Rxc6 Kf7 50. Rxa6 d4
51. Kf1 d3 52. Ke1 d2+ 53. Kd1 Nxf2+ 54. Kxd2 Ne4+ 55. Ke3 Nc5 56. Ra7+ Kf6
57. a4 g5 58. hxg5+ Kxg5 59. a5 Kg4 60. a6 {Black resigns} 1-0

[Event "ICC tourney 3049 (40 10)"]
[Site "Internet Chess Club"]
[Date "2022.11.05"]
[Round "1"]
[White "Mason, Mike W:MikeWMason"]
[Black "SULTAN, BASHIR Cisse:muzikmixer"]
[Result "1/2-1/2"]
[ICCResult "Game drawn by mutual agreement"]
[WhiteElo "1500"]
[BlackElo "1663"]
[Opening "Robatsch defense: two knights variation"]
[ECO "B06"]
[NIC "KF.05"]
[Time "11:01:17"]
[PlyCount "84"]
[TimeControl "2400+10"]

1. e4 g6 2. d4 Bg7 3. Nc3 d6 4. Nf3 Nc6 5. Be3 e5 6. Be2 Nge7 7. Qd2 Bg4 8.
dxe5 dxe5 9. O-O-O Qxd2+ 10. Rxd2 Bxf3 11. Bxf3 Nd4 12. Bd1 O-O-O 13. Ne2 f5
14. f3 fxe4 15. fxe4 Rhf8 16. c3 Ndc6 17. Ng3 Rxd2 18. Kxd2 h5 19. Rf1 Rxf1
20. Nxf1 Ng8 21. Kd3 Nf6 22. Nd2 Kd7 23. Bb3 Ng4 24. Bg1 Ne7 25. h3 Nh6 26.
Nf3 b6 27. Be3 Nc6 28. Nh4 Ne7 29. Bg5 Nhg8 30. Nxg6 Nxg6 31. Bxg8 Nf4+ 32.
Ke3 Nxg2+ 33. Kf3 Ne1+ 34. Ke2 Ng2 35. Kf2 Nf4 36. Bxf4 exf4 37. Kf3 Bh6 38.
Bf7 Kd6 39. Bxh5 Ke5 40. Be8 Bg5 41. Bc6 Bh4 42. Bd5 Bg3
{Game drawn by mutual agreement}
1/2-1/2

[Event "ICC tourney 3049 (40 10)"]
[Site "Internet Chess Club"]
[Date "2022.11.05"]
[Round "2"]
[White "SULTAN, BASHIR Cisse:muzikmixer"]
[Black "WU, DARREN:chessboy111"]
[Result "1-0"]
[ICCResult "Black resigns"]
[WhiteElo "1663"]
[BlackElo "1336"]
[Opening "English: symmetrical, four knights system"]
[ECO "A30"]
[NIC "EO.64"]
[Time "13:15:14"]
[PlyCount "47"]
[TimeControl "2400+10"]

1. c4 c5 2. Nf3 Nf6 3. Nc3 Nc6 4. d4 cxd4 5. Nxd4 d5 6. cxd5 Nxd5 7. Nxc6
bxc6 8. Bd2 e5 9. e4 Nb6 10. Be3 Bd6 11. Be2 O-O 12. O-O f5 13. exf5 Bxf5
14. Bf3 Rc8 15. Ne4 Be7 16. Qb3+ Kh8 17. Rfd1 Qc7 18. Rac1 Rfd8 19. Ng5 Bxg5
20. Bxg5 Rxd1+ 21. Qxd1 e4 22. Bg4 Qe5 23. Rxc6 Bxg4 24. Rxc8+ {Black
resigns} 1-0

[Event "ICC tourney 3049 (40 10)"]
[Site "Internet Chess Club"]
[Date "2022.11.05"]
[Round "2"]
[White "ZHANG, ARI:brass60Six"]
[Black "Doan Giang, Nguyen Doan:Doctorstrange04"]
[Result "0-1"]
[ICCResult "White resigns"]
[WhiteElo "1413"]
[BlackElo "1803"]
[Opening "Benoni defense"]
[ECO "A56"]
[NIC "OI.06"]
[Time "13:16:29"]
[PlyCount "146"]
[TimeControl "2400+10"]

1. d4 Nf6 2. c4 c5 3. e3 g6 4. Nf3 Bg7 5. Be2 O-O 6. O-O cxd4 7. exd4 d5 8.
b3 Nc6 9. Bb2 Be6 10. Nc3 Rc8 11. Rc1 h6 12. h3 Qd7 13. Qd2 Rfd8 14. Rfd1
Ne4 15. Qe3 Nxc3 16. Bxc3 Qc7 17. Ba1 Qa5 18. Rc2 Nb4 19. Qd2 Bf5 20. Rcc1
Qa3 21. Bc3 a5 22. Bb2 Qxa2 23. Ra1 Qxb3 24. Rxa5 dxc4 25. Ra3 Qc2 26. Qxb4
c3 27. Rxc3 Qxe2 28. Re1 Qa6 29. Rxc8 Rxc8 30. Qxe7 Qb5 31. Qa3 Rc2 32. Ba1
Be6 33. Qe3 Bd5 34. Qe8+ Qxe8 35. Rxe8+ Kh7 36. Re1 b5 37. Ne5 b4 38. Nd3 b3
39. Nb4 Rd2 40. Nxd5 b2 41. Bxb2 Rxb2 42. Rd1 g5 43. Ne3 Kg6 44. Kf1 f5 45.
Nc4 Rb4 46. Ne5+ Bxe5 47. dxe5 Re4 48. Rd6+ Kg7 49. e6 h5 50. f3 Re5 51. e7
Rxe7 52. Rd5 Kf6 53. Kf2 h4 54. Rd1 Rb7 55. Rd6+ Ke5 56. Rd2 Rb4 57. g3
hxg3+ 58. Kxg3 Rb1 59. Kg2 Rc1 60. Re2+ Kf4 61. Kf2 Rc3 62. Re8 Rxf3+ 63.
Kg2 Rg3+ 64. Kh2 Re3 65. Ra8 Re2+ 66. Kg1 Kg3 67. Ra3+ Kh4 68. Kh1 f4 69.
Kg1 Re3 70. Ra8 Rxh3 71. Rh8+ Kg4 72. Rxh3 Kxh3 73. Kf2 g4 {White resigns}
0-1

[Event "ICC tourney 3049 (40 10)"]
[Site "Internet Chess Club"]
[Date "2022.11.05"]
[Round "2"]
[White "YU, VINCENT ZHIWEN:vincentyu"]
[Black "TANG, VINCENT:VincentT2008"]
[Result "0-1"]
[ICCResult "White checkmated"]
[WhiteElo "1266"]
[BlackElo "1694"]
[Opening "Vienna gambit: Paulsen attack"]
[ECO "C29"]
[NIC "VG.03"]
[Time "13:15:13"]
[PlyCount "108"]
[TimeControl "2400+10"]

1. e4 e5 2. Nc3 Nf6 3. f4 d5 4. fxe5 Nxe4 5. Qf3 Nxc3 6. dxc3 Be6 7. Bf4 c5
8. O-O-O Nc6 9. Bb5 Qa5 10. Bxc6+ bxc6 11. Kb1 Be7 12. Ne2 Rb8 13. Bc1 Qb5
14. b3 a5 15. Bb2 a4 16. c4 Qb6 17. cxd5 cxd5 18. Nf4 axb3 19. axb3 d4 20.
Nd5 Bxd5 21. Qxd5 Qe6 22. Qxe6 fxe6 23. Rhf1 Rf8 24. Rxf8+ Kxf8 25. Rf1+ Kg8
26. Ba3 Rd8 27. Rf3 Rd5 28. Rd3 Rxe5 29. Kb2 Re2 30. Rg3 Bd6 31. Rd3 Rxg2
32. h3 e5 33. Rd1 e4 34. Re1 e3 35. Kb1 Bg3 36. Rc1 e2 37. Bxc5 Bf4 38. Re1
Bd2 39. Rxe2 Rxe2 40. Bxd4 Rh2 41. Kb2 Rxh3 42. Be5 Bg5 43. Bc3 h5 44. b4 h4
45. b5 Be3 46. b6 Bxb6 47. Bxg7 Kxg7 48. c4 Rg3 49. c5 Bxc5 50. Kc2 h3 51.
Kd2 h2 52. Ke2 h1=Q 53. Kd2 Qh2+ 54. Kd1 Rg1# {White checkmated} 0-1

[Event "ICC tourney 3049 (40 10)"]
[Site "Internet Chess Club"]
[Date "2022.11.05"]
[Round "2"]
[White "DUBE, DANIEL:betterone76"]
[Black "BORGE, RONALD:LOCHAR"]
[Result "1/2-1/2"]
[ICCResult "Game drawn because neither player has mating material"]
[WhiteElo "1850"]
[BlackElo "1587"]
[Opening "King's pawn opening"]
[ECO "B07"]
[NIC "VO.17"]
[Time "13:15:13"]
[PlyCount "167"]
[TimeControl "2400+10"]

1. e4 d6 2. Nf3 Nf6 3. d4 Nxe4 4. Bc4 d5 5. Bb3 Bg4 6. h3 Bh5 7. O-O e6 8.
Re1 Be7 9. Nbd2 Nxd2 10. Bxd2 O-O 11. g4 Bg6 12. Ne5 Nd7 13. Qe2 c5 14. Nxg6
hxg6 15. Bxd5 Bf6 16. Bxb7 Rb8 17. dxc5 Rxb7 18. c6 Rxb2 19. cxd7 Qxd7 20.
Rec1 Rc8 21. g5 Bd4 22. Be3 Bxe3 23. fxe3 Qa4 24. Qd3 Qh4 25. e4 Qxg5+ 26.
Kh1 Qc5 27. Rab1 Rxb1 28. Rxb1 Qxc2 29. Qxc2 Rxc2 30. Rb8+ Kh7 31. Rb7 Rxa2
32. Rxf7 g5 33. Re7 Ra6 34. Kg2 Kg6 35. Kf3 Kf6 36. Rb7 Ra1 37. e5+ Kxe5 38.
Rxg7 Kf6 39. Rg8 Ra4 40. Rf8+ Kg7 41. Re8 Kf7 42. Ra8 a5 43. Ra7+ Kf6 44.
Ra6 Kf5 45. Ra8 Ra3+ 46. Kg2 a4 47. Rf8+ Kg6 48. Re8 Kf7 49. Ra8 e5 50. Ra6
e4 51. Kf2 Rxh3 52. Rxa4 Kf6 53. Rxe4 Kf5 54. Re8 Ra3 55. Rf8+ Kg4 56. Rg8
Ra2+ 57. Kg1 Kh4 58. Re8 g4 59. Re1 Kh3 60. Rc1 g3 61. Rb1 Rg2+ 62. Kh1 Ra2
63. Kg1 Ra8 64. Rc1 Ra3 65. Rb1 Kg4 66. Kg2 Ra2+ 67. Kg1 Rf2 68. Rc1 Rf4 69.
Rb1 Kh3 70. Rc1 Rf2 71. Rb1 Ra2 72. Rc1 Kg4 73. Rb1 Kf3 74. Rb3+ Kf4 75. Rb1
Re2 76. Rc1 Kf3 77. Rc3+ Re3 78. Rc1 Ra3 79. Rb1 g2 80. Rc1 Kg3 81. Rd1 Rf3
82. Rb1 Rf1+ 83. Rxf1 gxf1=Q+ 84. Kxf1
{Game drawn because neither player has mating material}
1/2-1/2

[Event "ICC tourney 3049 (40 10)"]
[Site "Internet Chess Club"]
[Date "2022.11.05"]
[Round "2"]
[White "GUTIERREZ, AUGUSTO E:elytito2017"]
[Black "HELMSEN, GAVIN:ghelmsen"]
[Result "1-0"]
[ICCResult "Black checkmated"]
[WhiteElo "1729"]
[BlackElo "1325"]
[Opening "Pirc: Austrian attack, 6.Be3"]
[ECO "B06"]
[NIC "PU.06"]
[Time "13:28:01"]
[PlyCount "61"]
[TimeControl "2400+10"]

1. e4 g6 2. d4 Bg7 3. Nc3 d6 4. f4 Nf6 5. Nf3 O-O 6. Be3 Ng4 7. Bg1 e5 8. h3
exd4 9. Bxd4 Nf6 10. Bd3 c5 11. Be3 Re8 12. O-O a6 13. a4 Nc6 14. Qd2 Nb4
15. Rad1 Nxd3 16. cxd3 Bd7 17. e5 dxe5 18. fxe5 Nh5 19. Bxc5 Bxe5 20. Nxe5
Rxe5 21. Qf2 Rf5 22. Qe3 Rxf1+ 23. Rxf1 Qc7 24. Nd5 Qa5 25. b4 Qd8 26. g4
Ng7 27. Ne7+ Kh8 28. Rxf7 Qc7 29. Bd4 Rg8 30. Nxg6+ hxg6 31. Qh6#
{Black checkmated}
1-0

[Event "ICC tourney 3049 (40 10)"]
[Site "Internet Chess Club"]
[Date "2022.11.05"]
[Round "2"]
[White "YUAN, SERENA:doudou2011"]
[Black "Mason, Mike W:MikeWMason"]
[Result "0-1"]
[ICCResult "White resigns"]
[WhiteElo "1552"]
[BlackElo "1500"]
[Opening "QGA: classical variation, 6.O-O"]
[ECO "D26"]
[NIC "QG.08"]
[Time "13:15:14"]
[PlyCount "88"]
[TimeControl "2400+10"]

1. d4 d5 2. Nf3 Nf6 3. c4 dxc4 4. e3 e6 5. Bxc4 c5 6. O-O Be7 7. dxc5 Bxc5
8. Qxd8+ Kxd8 9. Rd1+ Ke7 10. Nc3 a6 11. a4 Nc6 12. b3 Bd7 13. Bb2 Rhd8 14.
Ne2 Na5 15. Rac1 Rac8 16. Ne5 Nxc4 17. Nxc4 b5 18. Ne5 Ke8 19. Nxd7 Rxd7 20.
Rxd7 Kxd7 21. axb5 axb5 22. Bd4 Bd6 23. Rxc8 Kxc8 24. Nc3 b4 25. Nb5 Bf8 26.
Be5 Kd7 27. Kf1 Ne4 28. Ke2 Nc5 29. Nd4 f6 30. Bg3 e5 31. Nc2 Nxb3 32. Kd3
Na5 33. Na1 Kc6 34. Kc2 Kd5 35. Nb3 Nxb3 36. Kxb3 Ke4 37. Kc4 b3 38. Kxb3
Kd3 39. Bh4 h5 40. g4 g5 41. Bg3 h4 42. Bxe5 fxe5 43. f4 exf4 44. exf4 gxf4
{White resigns}
0-1

[Event "ICC tourney 3049 (40 10)"]
[Site "Internet Chess Club"]
[Date "2022.11.05"]
[Round "2"]
[White "INDUKURI, SUHAS VARMA:Suhas12"]
[Black "MA, YUNHUI:K03-16857748"]
[Result "1-0"]
[ICCResult "Black resigns"]
[WhiteElo "1525"]
[BlackElo "1125"]
[Opening "Giuoco Piano"]
[ECO "C54"]
[NIC "IG.02"]
[Time "13:30:50"]
[PlyCount "63"]
[TimeControl "2400+10"]

1. e4 e5 2. Nf3 Nc6 3. Bc4 Bc5 4. c3 Nf6 5. d4 exd4 6. e5 d5 7. Bb5 Ne4 8.
cxd4 Bb6 9. h3 O-O 10. O-O f5 11. Nc3 f4 12. Qb3 Nxd4 13. Nxd4 Bxd4 14. Nxe4
Kh8 15. Nc3 Qh4 16. Be2 Bxh3 17. Bf3 Rf5 18. Ne2 Bxg2 19. Bxg2 f3 20. Nxd4
Qxd4 21. Bxf3 Raf8 22. Qxd5 Qh4 23. Qe4 Qe7 24. Bg2 Rxe5 25. Qxb7 Rh5 26.
Qe4 Qd7 27. Bf4 Re8 28. Rad1 Qc8 29. Qf3 Rb5 30. Rfe1 Rf8 31. Qc6 Rxb2 32.
Qxc7 {Black resigns} 1-0

[Event "ICC tourney 3049 (40 10)"]
[Site "Internet Chess Club"]
[Date "2022.11.05"]
[Round "2"]
[White "Srinivasan, Sivavishnu:nov-s"]
[Black "SEBBA, AMITAI:Amitai"]
[Result "1/2-1/2"]
[ICCResult "Game drawn by repetition"]
[WhiteElo "1276"]
[BlackElo "1580"]
[Opening "Sicilian: Pelikan, Chelyabinsk variation"]
[ECO "B33"]
[NIC "SI.37"]
[Time "13:15:40"]
[PlyCount "158"]
[TimeControl "2400+10"]

1. e4 c5 2. Nf3 Nc6 3. d4 cxd4 4. Nxd4 Nf6 5. Nc3 e5 6. Ndb5 d6 7. Bg5 a6 8.
Na3 b5 9. Nd5 Be7 10. Bxf6 Bxf6 11. c3 O-O 12. Be2 Bg5 13. O-O f5 14. f3 Kh8
15. Qd3 Ne7 16. Rad1 Be6 17. Nxe7 Bxe7 18. b3 Rc8 19. Nb1 Rf6 20. Nd2 Qa5
21. b4 Qb6+ 22. Kh1 Bc4 23. Nxc4 Rxc4 24. Qc2 Rc8 25. exf5 Qe3 26. Rd3 Qf4
27. Rd2 Rxf5 28. g3 Qg5 29. Bd3 Rf6 30. Be4 Rh6 31. Bb7 Rc7 32. Bxa6 d5 33.
Bxb5 Qxg3 34. Rxd5 Rxc3 35. Qd2 Qh4 36. Rxe5 Rc8 37. Rfe1 Bf8 38. Rf5 Qh3
39. Bd7 Rd6 40. Bxc8 Qxf5 41. Bxf5 Rxd2 42. Re8 g6 43. Bxg6 Rxa2 44. Bxh7
Kg7 45. Be4 Bxb4 46. Rb8 Bd6 47. Rb7+ Kf6 48. Rf7+ Kg5 49. Rg7+ Kh4 50. Rh7+
Kg5 51. h4+ Kf4 52. Kg1 Bc5+ 53. Kf1 Ra1+ 54. Ke2 Ra2+ 55. Kd3 Bf2 56. h5
Ra3+ 57. Kc4 Ra4+ 58. Kd5 Ra5+ 59. Ke6 Ra6+ 60. Kf7 Ra7+ 61. Kg8 Rxh7 62.
Kxh7 Kg5 63. h6 Bd4 64. Bd3 Kf4 65. Be4 Kg5 66. Ba8 Be5 67. Bb7 Bd4 68. Bc6
Be5 69. Bb5 Bd4 70. Bf1 Be5 71. Bg2 Bd4 72. Bf1 Be5 73. Ba6 Bd4 74. Bc8 Be5
75. Bg4 Bd4 76. Bh3 Be5 77. Bf1 Bd4 78. Bd3 Be5 79. Be4 Bd4
{Game drawn by repetition}
1/2-1/2

[Event "ICC tourney 3049 (40 10)"]
[Site "Internet Chess Club"]
[Date "2022.11.05"]
[Round "2"]
[White "HERREROS, STEPHEN:alekhine1031"]
[Black "WHALEN, JAMES:baystatejim1776"]
[Result "1-0"]
[ICCResult "Black resigns"]
[WhiteElo "1568"]
[BlackElo "1609"]
[Opening "French: advance variation"]
[ECO "B22"]
[NIC "SI.46"]
[Time "13:16:30"]
[PlyCount "71"]
[TimeControl "2400+10"]

1. e4 c5 2. c3 e6 3. d4 d5 4. e5 h6 5. Nf3 a6 6. Bd3 Nd7 7. a4 Ne7 8. O-O
Nc6 9. Re1 Be7 10. Be3 Qb6 11. Qc1 c4 12. Bc2 Na5 13. Nbd2 Qd8 14. b4 cxb3
15. Nxb3 Nc4 16. a5 b5 17. Nfd2 b4 18. Bd3 Qc7 19. Bxc4 dxc4 20. cxb4 Bxb4
21. Nxc4 O-O 22. Re2 Kh7 23. Rc2 Qd8 24. Nd6 Bxd6 25. exd6 Nf6 26. Bf4 Nd5
27. Bg3 f5 28. Be5 f4 29. Rc4 Bb7 30. Nc5 Bc8 31. Qc2+ Kh8 32. Qg6 Ra7 33.
Qxh6+ Kg8 34. Qg6 Rf5 35. Nxe6 Bxe6 36. Qxe6+ {Black resigns} 1-0

[Event "ICC tourney 3049 (40 10)"]
[Site "Internet Chess Club"]
[Date "2022.11.05"]
[Round "2"]
[White "LOPEZ, FRANCISCO JAVIER:steinutz"]
[Black "BRUDNO, STEPHEN:StevChess01"]
[Result "1/2-1/2"]
[ICCResult "Game drawn by mutual agreement"]
[WhiteElo "1588"]
[BlackElo "1546"]
[Opening "Trompowsky attack (Ruth, Opocenský opening)"]
[ECO "A45"]
[NIC "QP.07"]
[Time "13:15:17"]
[PlyCount "110"]
[TimeControl "2400+10"]

1. d4 Nf6 2. Bg5 c5 3. e3 Qb6 4. Nc3 a6 5. Rb1 g6 6. Nf3 cxd4 7. exd4 Bg7 8.
Be2 O-O 9. Qd2 d6 10. Bxf6 exf6 11. Nd5 Qd8 12. a3 Re8 13. O-O Be6 14. Nf4
Bf5 15. Nd3 b5 16. Nh4 Be4 17. Nf3 Bb7 18. c3 Nc6 19. Rfe1 Na5 20. Nb4 Rc8
21. d5 Nb3 22. Qc2 Nc5 23. Nd4 f5 24. Nbc6 Bxc6 25. Nxc6 Qd7 26. Bf3 Bf6 27.
h3 Rxe1+ 28. Rxe1 Re8 29. Qd2 Rxe1+ 30. Qxe1 Kf8 31. Nb4 Qe7 32. Qe2 Qxe2
33. Bxe2 Ke7 34. f4 Kd8 35. Kf2 Kc7 36. Ke3 Kb6 37. g4 fxg4 38. Bxg4 a5 39.
Nd3 Nxd3 40. Kxd3 Kc7 41. b3 Bh4 42. f5 h5 43. fxg6 fxg6 44. Be6 g5 45. a4
bxa4 46. bxa4 Bg3 47. Ke4 h4 48. Kd4 Kb6 49. Kc4 Be1 50. Bd7 Bd2 51. Be6 Bf4
52. Bg4 Be5 53. Be6 Bh2 54. Bg4 Bg1 55. Be6 Bh2 {Game drawn by mutual
agreement} 1/2-1/2

[Event "ICC tourney 3049 (40 10)"]
[Site "Internet Chess Club"]
[Date "2022.11.05"]
[Round "3"]
[White "SULTAN, BASHIR Cisse:muzikmixer"]
[Black "DUBE, DANIEL:betterone76"]
[Result "1-0"]
[ICCResult "Black resigns"]
[WhiteElo "1663"]
[BlackElo "1850"]
[Opening "English: symmetrical, three knights system"]
[ECO "A16"]
[NIC "EO.42"]
[Time "15:30:06"]
[PlyCount "85"]
[TimeControl "2400+10"]

1. c4 Nf6 2. Nc3 c5 3. Nf3 d5 4. cxd5 Nxd5 5. e3 g6 6. Bc4 Be6 7. Qb3 Nc7 8.
Bxe6 Nxe6 9. Qxb7 Nd7 10. O-O Bg7 11. d4 cxd4 12. exd4 O-O 13. Be3 Rb8 14.
Qxa7 Rxb2 15. Rab1 Rxb1 16. Rxb1 Qc8 17. Nd5 Re8 18. Rb7 Qxb7 19. Qxb7 Rb8
20. Qxb8+ Nxb8 21. Nxe7+ Kf8 22. Nd5 Nc6 23. Kf1 Nexd4 24. Nxd4 Nxd4 25. Nb4
Ke7 26. Ke1 Kd6 27. Kd2 Kc5 28. Kd3 Kxb4 29. Bxd4 Bf8 30. Ke4 Ka3 31. Ke5
Bg7+ 32. Kd5 Bf8 33. Bc5+ Bxc5 34. Kxc5 Kxa2 35. Kd6 Kb2 36. Ke7 f5 37. Kf6
Kc2 38. Kg7 Kd2 39. Kxh7 Ke2 40. Kxg6 Kxf2 41. Kxf5 Kxg2 42. h4 Kg3 43. h5
{Black resigns}
1-0